 Dungeon Crawl Stone Soup version 0.17-a0-1056-g838d5c0 (webtiles) character file.

287 halfnothing the Cudgeler (level 6, -3/37 HPs)
             Began as a Gargoyle Fighter on May 16, 2015.
             Was an Initiate of Okawaru.
             Slain by an orc
             ... wielding a +0 trident
              (5 damage)
             ... on level 4 of the Dungeon.
             The game lasted 00:06:59 (3139 turns).

halfnothing the Cudgeler (Gargoyle Fighter)         Turns: 3139, Time: 00:07:00

Health: -3/37      AC: 12    Str: 27    XL:     6   Next: 30%
Magic:  6/6        EV:  8    Int:  8    God:    Okawaru [......]
Gold:   151        SH:  9    Dex:  9    Spells: 0 memorised, 5 levels left

rFire  . . .     SeeInvis .     a - +0 flail
rCold  . . .     Clarity  .     n - +0 ring mail (curse)
rNeg   + . .     SustAb   .     c - +0 shield
rPois  ∞         Gourm    .     h - +0 helmet
rElec  +         Spirit   .     o - +0 cloak
rCorr  .         Warding  .     (no gloves)
rMut   .         Stasis   .     (no boots)
MR     .....                    (no amulet)
Stlth  ..........               (no ring)
                                (no ring)

@: mighty, not resistant to hostile enchantments, extremely unstealthy
A: negative energy resistance 1, electricity resistance, unbreathing,
petrification resistance, rot immunity, AC +4
a: Renounce Religion


You were on level 4 of the Dungeon.
You worshipped Okawaru.
Okawaru was noncommittal.
You were not hungry.

You visited 2 branches of the dungeon, and saw 5 of its levels.

You collected 151 gold pieces.

Inventory:

Hand weapons
 a - a +0 flail (weapon)
Armour
 b - a +0 scale mail
 c - a +0 shield (worn)
 h - a +0 helmet (worn)
 n - a cursed +0 ring mail (worn)
 o - a +0 cloak (worn)
Magical devices
 p - a wand of polymorph (5)
Scrolls
 g - 3 scrolls of identify {unknown}
 i - 2 scrolls of teleportation {unknown}
 j - 7 scrolls of remove curse {unknown}
 l - a scroll of noise {unknown}
 r - a scroll of amnesia {unknown}
 s - a scroll of random uselessness {unknown}
 w - a scroll of recharging {unknown}
Potions
 f - a potion of mutation {unknown}
 k - 4 potions of magic {unknown}
 m - a potion of curing {unknown}
 q - a potion of flight {unknown}
 t - 2 potions of resistance {unknown}
Books
 x - a book of Battle

   Spells                             Type                      Level
   a - Infusion                       Charms                       1
   b - Shroud of Golubria             Charms/Translocation         2
   c - Song of Slaying                Charms                       2
   d - Spectral Weapon                Hexes/Charms                 3
   e - Regeneration                   Charms/Necromancy            3
Comestibles
 e - 4 bread rations
 u - a royal jelly


   Skills:
 - Level 3.2 Fighting
 + Level 6.4 Maces & Flails
 - Level 3.2 Armour
 - Level 3.2 Shields


You had 5 spell levels left.
You didn't know any spells.

Dungeon Overview and Level Annotations

Branches:
Dungeon (4/15)             Temple (1/1) D:4

Altars:
Cheibriados
Dithmenos
Fedhas
Gozag
Okawaru
Qazlal
Ru
Sif Muna
Trog
Xom
Zin
The Shining One


Innate Abilities, Weirdness & Mutations

You are resistant to torment.
Your stone body is resilient (AC +4).
You are immune to poison.
You resist negative energy.
You are resistant to electric shocks.
You can survive without breathing.
You are immune to petrification.
You are immune to rotting.


Message History

Something hits you but does no damage.
Deactivating autopickup; reactivate with Ctrl-A.
The orc hits you but does no damage. The adder bites you but does no damage.
You closely miss the orc.
You feel less confused. You block the adder's attack.
The orc hits you but does no damage.
You hear some strange, mumbled words.
A magic dart appears from out of thin air!
The magic dart hits you! The orc hits you but does no damage.
The adder bites you but does no damage.
You sock the orc!
You kill the orc!
Okawaru accepts your kill. You block the orc's attack. You block its attack.
The adder barely misses you.
You hit something. Something hits you.
* * * LOW HITPOINT WARNING * * *
You block the adder's attack. The orc misses you.
Something hits you but does no damage. The adder bites you but does no damage.
The orc hits you with a trident.
You die...

####### ##...#..
######....#..
#.........#..
#.####....'..
#######'#####'###..
#...#.....#........
+.S.#.###.#........
..##'#.@.+.#>'.+........
......o{)#.###.#........
......##'#.....#...#+#..
......+..###'###...+ +..
..... #.## #.+##...# #..
....###.####......## ##+
....+....'.+......+ ...
##.###'#......#
#.#.....###+## #


You could see an adder and an orc.

Vanquished Creatures
  4 orc wizards (D:4)
  Natasha (thrice) (D:2)
  Robin (D:3)
  3 adders
  A worm (D:2)
  4 giant geckos
  7 orcs
  5 giant cockroaches
  15 hobgoblins
  2 jackals (D:3)
  8 kobolds
  A quokka (D:2)
  8 bats
  6 giant newts
  15 goblins
  12 rats
95 creatures vanquished.

Notes
Turn   | Place    | Note
--------------------------------------------------------------
     0 | D:1      | halfnothing the Gargoyle Fighter began the quest for the Orb.
     0 | D:1      | Reached XP level 1. HP: 14/14 MP: 1/1
   115 | D:1      | Reached XP level 2. HP: 13/19 MP: 2/2
   669 | D:1      | Reached XP level 3. HP: 23/23 MP: 3/3
  1381 | D:2      | Noticed Natasha
  1385 | D:2      | Killed Natasha
  1385 | D:2      | Reached skill level 4 in Maces & Flails
  1385 | D:2      | Reached XP level 4. HP: 28/28 MP: 4/4
  1428 | D:2      | Noticed Natasha
  1441 | D:2      | Killed Natasha
  2060 | D:2      | Noticed Natasha
  2061 | D:2      | Killed Natasha
  2139 | D:3      | Noticed Robin
  2148 | D:3      | Reached skill level 5 in Maces & Flails
  2149 | D:3      | Reached XP level 5. HP: 30/32 MP: 5/5
  2157 | D:3      | Killed Robin
  2890 | D:4      | Reached skill level 6 in Maces & Flails
  2890 | D:4      | Reached XP level 6. HP: 13/37 MP: 6/6
  2990 | D:4      | Found a staircase to the Ecumenical Temple.
  2999 | Temple   | Entered the Ecumenical Temple
  3084 | Temple   | Became a worshipper of Warmaster Okawaru
  3139 | D:4      | Slain by an orc

Vault maps used:
D:1:      dpeg_arrival_ratfight, serial_forest, infiniplex_forest_clump_curved,
          infiniplex_forest_lined_4_way, infiniplex_forest_clump_diagonal,
          infiniplex_forest_fountain, infiniplex_forest_clump_small,
          infiniplex_forest_straight_3, infiniplex_forest_lined_room_,
          kennysheep_another_room
D:2:      uniq_natasha
D:3:      first_bread, uniq_robin
D:4:      minmay_temple_entry_glassed_door
Temple:   circular_temple_12

Action                   |  1- 3 |  4- 6 || total
-------------------------+-------+-------++-------
Melee: Flail             |   143 |   208 ||   351
  Use: Potion            |       |     1 ||     1
  Eat: Chunk             |     2 |     4 ||     6
       Beef jerky        |       |     1 ||     1
